 Dungeon Crawl Stone Soup version 0.28-a0-533-g9f97627e2a (webtiles) character file.

Game seed: 6873235963864823718

24 heikuro the Shield-Bearer (level 3, -1/29 HPs)
             Began as a Formicid Fighter on Sept 26, 2021.
             Succumbed to an adder's poison
             ... on level 2 of the Dungeon.
             The game lasted 00:01:26 (1324 turns).

heikuro the Shield-Bearer (Formicid Fighter)        Turns: 1324, Time: 00:01:26

Health: -1/29      AC:  6    Str: 27    XL:     3   Next: 15%
Magic:  3/3        EV:  8    Int:  7    God:
Gold:   9          SH:  8    Dex: 10    Spells: 2/2 levels left

rFire   . . .      SeeInvis +   a - +0 war axe
rCold   . . .      Faith    .   e - +0 kite shield
rNeg    . . .      Spirit   .   b - +0 scale mail
rPois   .          Reflect  .   (helmet unavailable)
rElec   .          Harm     .   (no cloak)
rCorr   .          Rampage  .   (no gloves)
Will    .....                   (no boots)
Stlth   ..........              (no amulet)
HPRegen 0.09/turn               c - +6 ring of strength
MPRegen 0.08/turn               (no ring)

@: mighty, lethally poisoned (-1 -> -4)
A: permanent stasis, dig shafts and tunnels, antennae 3, four strong arms
a: Dig, Shaft Self


You were on level 2 of the Dungeon.
You visited 1 branch of the dungeon, and saw 2 of its levels.

You collected 9 gold pieces.

Inventory:

Hand Weapons
 a - a +0 war axe (weapon)
Armour
 b - a +0 scale mail (worn)
 e - a +0 kite shield (worn)
Jewellery
 c - a +6 ring of strength (left hand)
Scrolls
 h - a scroll of silence {unknown}
Potions
 f - 2 potions of attraction {unknown}
 g - a potion of mutation {unknown}


   Skills:
 + Level 3.5 Fighting
 * Level 2.6 Axes
 + Level 3.5 Armour
 + Level 3.9 Shields


You had 2 spell levels left.
You didn't know any spells.
Your spell library was empty.

Dungeon Overview and Level Annotations

Branches:
Dungeon (2/15)

Altars:


Innate Abilities, Weirdness & Mutations

You cannot be hasted, slowed, berserked, paralysed or teleported.
You can dig through walls and to a lower floor.
You have a pair of large antennae on your head. (SInv)
Your four strong arms can wield two-handed weapons with a shield.


Message History

You feel sick. You block the adder's attack. The adder bites you.
You are more poisoned.
The adder poisons you!
You closely miss the adder.
The adder is severely wounded.
You feel very sick. You block the adder's attack.
The adder bites you but does no damage.
Okay, then.
You closely miss the adder.
The adder is severely wounded.
You feel sick. The adder barely misses you. You block the adder's attack.
Unknown command.
You closely miss the adder.
The adder is severely wounded.
You feel sick. The adder bites you but does no damage.
The adder barely misses you.
Unknown command.
You closely miss the adder.
The adder is severely wounded.
You feel sick. The adder bites you but does no damage. The adder bites you.
* * * LOW HITPOINT WARNING * * *
You are lethally poisoned!
The adder poisons you!
Unknown command.
You feel very mighty all of a sudden.
* * * LOW HITPOINT WARNING * * *
You feel sick. You block the adder's attack.
You closely miss the adder.
The adder is severely wounded.
* * * LOW HITPOINT WARNING * * *
You feel sick. The adder bites you but does no damage.
The adder barely misses you.
You closely miss the adder.
The adder is severely wounded.
* * * LOW HITPOINT WARNING * * *
You feel sick. The adder bites you but does no damage.
The adder closely misses you.
You hit the adder.
You kill the adder!
You die...

... ...
.?. #.#
## #.#
##.##.# {
###...#.#
.....g†@#
###...#.#
##. #.# #
#.# #.#
#+# #.#
#.# #.#
###.# #.#
....##
#.#


You could see a hobgoblin.

Vanquished Creatures
  An adder (D:2)
  3 bats
  2 endoplasms
  5 giant cockroaches (D:1)
  A hobgoblin (D:1)
  2 quokkas
  2 ball pythons
  2 frilled lizards
  3 kobolds (D:1)
  A rat (D:1)
22 creatures vanquished.

Notes
Turn   | Place    | Note
-------+----------+-------------------------------------------
     0 | D:1      | heikuro the Formicid Fighter began the quest for the Orb.
     0 | D:1      | Reached XP level 1. HP: 18/18 MP: 1/1
   355 | D:1      | Reached XP level 2. HP: 8/24 MP: 2/2
  1207 | D:2      | Reached XP level 3. HP: 27/29 MP: 3/3
  1323 | D:2      | HP: 1/29 [poisoned by an adder]
  1324 | D:2      | Succumbed to an adder's poison

Illustrated notes

Levels and vault maps discovered:
D:1:      saegor_arrival_simple_e, layout_basic
D:2:      layout_loops_corners

Action                   || total
-------------------------++-------
Melee: War axe           ||    87
  Use: Potion            ||     1
Armor: Scale mail        ||    46
Dodge: Dodged            ||    44
Block: Kite shield       ||    45

Table legend: (Time is in decaauts)
 A = Elapsed time spent in this place.
 B = Non-inter-level travel time spent in this place.
 C = Inter-level travel time spent in this place.
 D = Time resting spent in this place.
 E = Time spent auto-exploring this place.
 F = Levels seen in this place.
 G = Mean time per level.
                   A        B        C        D        E       F      G
               +--------+--------+--------+--------+--------+-----+--------+
         Total |   1370 |   1325 |     45 |    200 |    877 |   2 |  685.0 |
       Dungeon |   1370 |   1325 |     45 |    200 |    877 |   2 |  685.0 |
               +--------+--------+--------+--------+--------+-----+--------+

Top non-repeatable levels by time:
     D:1: 1195 daAuts
     D:2: 175 daAuts
